 Dungeon Crawl Stone Soup version 0.28-a0-932-g843f935a50 (webtiles) character file.

Game seed: 12560549321782994544

54 funkygono the Digger (level 3, -4/19 HPs)
             Began as a Gargoyle Earth Elementalist on Nov 27, 2021.
             Slain by Crazy Yiuf (11 damage)
             ... on level 2 of the Dungeon.
             The game lasted 00:05:15 (2331 turns).

funkygono the Digger (Gargoyle Earth Elementalist)  Turns: 2331, Time: 00:05:16

Health: -4/19      AC:  6    Str: 11    XL:     3   Next: 91%
Magic:  3/6        EV: 12    Int: 16    God:
Gold:   80         SH:  0    Dex: 10    Spells: 0/6 levels left

rFire   . . .      SeeInvis .   i - +2 whip (elec)
rCold   . . .      Faith    .   (no shield)
rNeg    + . .      Spirit   .   b - +0 robe
rPois   ∞          Reflect  .   (no helmet)
rElec   +          Harm     .   (no cloak)
rCorr   .          Rampage  .   h - +0 pair of gloves
Will    .....                   (no boots)
Stlth   ++........              (no amulet)
HPRegen 0.06/turn               (no ring)
MPRegen 0.10/turn               (no ring)

@: very slightly contaminated
A: sickness immunity, AC +3, negative energy resistance 1, electricity
resistance, torment resistance 1, petrification resistance
a: no special abilities


You were on level 2 of the Dungeon.
You visited 1 branch of the dungeon, and saw 2 of its levels.

You collected 80 gold pieces.

Inventory:

Hand Weapons
 f - a +0 mace
 i - a +2 whip of electrocution (weapon)
Missiles
 c - 25 stones
Armour
 b - a +0 robe (worn)
 h - a +0 pair of gloves (worn)
Scrolls
 e - 2 scrolls of amnesia {unknown}
Potions
 a - a potion of flight
 d - a potion of lignification {unknown}
 g - a potion of heal wounds {unknown}


   Skills:
 + Level 0.6 Maces & Flails
 + Level 1.9 Dodging
 - Level 2.1 Stealth
 + Level 2.4 Spellcasting
 * Level 0.8 Conjurations
 + Level 0.7 Transmutations
 + Level 4.7 Earth Magic


You couldn't memorise any spells.
You knew the following spells:

 Your Spells              Type           Power      Damage    Failure   Level
a - Sandblast             Erth           34%        2d9       2%          1
b - Passwall              Tmut/Erth      8%         N/A       10%         2
c - Stone Arrow           Conj/Erth      20%        3d8       19%         3

Your spell library contained the following spells:

 Spells                   Type           Power      Damage    Failure   Level
 Petrify                  Tmut/Erth      10%        N/A       54%         4
 Dispersal                Tloc           0%         N/A       100%        6
 Disjunction              Tloc           0%         N/A       100%        8


Dungeon Overview and Level Annotations

Branches:
Dungeon (2/15)

Altars:

Shops:
D:2 [(

Annotations:
D:2 Crazy Yiuf


Innate Abilities, Weirdness & Mutations

You are immune to sickness and miasma.
Your stone body is resilient. (AC +3)
You are immune to poison.
You resist negative energy. (rN+)
You are resistant to electric shocks. (rElec)
You are resistant to unholy torment.
You are immune to petrification.


Message History

Aim: an endoplasm (asleep, 100% to hit)
The blast of sand hits the endoplasm!
You kill the endoplasm!
Unknown command.
Magic restored.
There is an entrance to Yhashe's Armour Shop here.
You can access your shopping list by pressing '$'.
Found a stone staircase leading up.
There is a stone staircase leading up here.
You see here a +0 dagger.
You open the door.
Casting: Sandblast (safe; 2% risk of failure)
Confirm with . or Enter, or press ? or * to list all spells.
Aiming: Sandblast (safe; 2% risk of failure)
Press: ? - help, Shift-Dir - straight line, f - Crazy Yiuf
Aim: Crazy Yiuf, wielding a +3 quarterstaff of chaos and wearing a +0 cloak (wandering, hasn't noticed you, 82% to hit)
You miscast Sandblast.
You are very lightly contaminated with residual magic.
Nothing appears to happen.
Crazy Yiuf shouts!
Casting: Sandblast (safe; 2% risk of failure)
Confirm with . or Enter, or press ? or * to list all spells.
Aiming: Sandblast (safe; 2% risk of failure)
Press: ? - help, Shift-Dir - straight line, f/p - Crazy Yiuf
Aim: Crazy Yiuf, wielding a +3 quarterstaff of chaos and wearing a +0 cloak (82% to hit)
The blast of sand hits Crazy Yiuf but does no damage.
Crazy Yiuf says, "Cake!
Powder cower ladder."
Crazy Yiuf hits you with a +3 quarterstaff of chaos!
Casting: Sandblast (safe; 2% risk of failure)
Confirm with . or Enter, or press ? or * to list all spells.
Aiming: Sandblast (safe; 2% risk of failure)
Press: ? - help, Shift-Dir - straight line, f/p - Crazy Yiuf
Aim: Crazy Yiuf, wielding a +3 quarterstaff of chaos and wearing a +0 cloak (82% to hit)
The blast of sand misses Crazy Yiuf.
Crazy Yiuf hits you with a +3 quarterstaff of chaos.
Unknown command.
You closely miss Crazy Yiuf.
Crazy Yiuf hits you with a +3 quarterstaff of chaos!
Ouch! That really hurt!
You die...

#.#########....####
####.. #.######
#....# #.....
#......# ♣.♣..♣
####†##.. ########
♣♣...♣ #..>.##..
♣♣.♣♣ ###.##.##..
♣♣.♣ #......####
♣.♣♣ #.#.#..####
♣♣.♣ #.#.#......
♣@♣♣ #...#.#####
#g# #.###.# #.. ...
#.###.# #.. #...#
#.....# #.. #)..#
#.##### #.. #####
#.#### #.. #.##.##
### #.....#####
####.#.....


You could see Crazy Yiuf.

Vanquished Creatures
  An adder (D:2)
  A dart slug (D:1)
  3 endoplasms
  A giant cockroach (D:2)
  4 goblins
  6 hobgoblins
  6 jackals (D:1)
  2 ball pythons
  4 bats
  2 frilled lizards
  8 kobolds
  4 rats
42 creatures vanquished.

Notes
Turn   | Place    | Note
-------+----------+-------------------------------------------
     0 | D:1      | funkygono the Gargoyle Earth Elementalist began the quest
                  | for the Orb.
     0 | D:1      | Reached XP level 1. HP: 10/10 MP: 3/3
   489 | D:1      | Reached skill level 4 in Earth Magic
   536 | D:1      | Reached XP level 2. HP: 12/15 MP: 3/5
  1008 | D:1      | Noticed a shining eye
  1010 | D:1      | Found a faded altar of an unknown god.
  1024 | D:1      | Reached XP level 3. HP: 16/19 MP: 6/6
  1085 | D:1      | Noticed a great orb of eyes
  1089 | D:1      | Noticed a great orb of eyes
  1098 | D:1      | Noticed a floating eye
  1261 | D:1      | Learned a level 2 spell: Passwall
  1265 | D:1      | Learned a level 3 spell: Stone Arrow
  1805 | D:2      | Found a runed translucent door.
  1806 | D:2      | Noticed Crazy Yiuf
  2052 | D:2      | Found Guinothra's Weapon Boutique.
  2121 | D:2      | Found Yhashe's Armour Shop.
  2331 | D:2      | Slain by Crazy Yiuf

Illustrated notes

Levels and vault maps discovered:
D:1:      dpeg_arrival_short_road, layout_rooms, serial_co_window_serial,
          co_window_paths_b, co_window_paths_b, co_window_paths_a,
          co_window_paths_b, co_window_paths_b, co_window_of_opportunity_b,
          co_window_2corner, co_window_2corner, co_window_broadway_c,
          co_window_corner_ca, co_window_4corner_b, co_window_paths_d,
          hellmonk_ecumenical_altar_watching_god, minmay_misc_feat_enclosed
D:2:      layout_loops_cross, serial_shops, shop,
          nicolae_shop_bloodbath_and_beyond, uniq_crazy_yiuf_cottage

Skill      XL: |  1 |
---------------+----+-----
Earth Magic    | 4 |  4.7
Maces & Flails | |  0.6
Dodging        | |  1.9
Stealth        | |  2.1
Spellcasting   | |  2.4
Conjurations   | |  0.8
Transmutations | |  0.7

Action                   || total
-------------------------++-------
Melee: Unarmed           ||    13
       Mace              ||    15
       Whip              ||    38
 Cast: Sandblast         ||    30
  Use: Scroll            ||     3
 Stab: Sleeping          ||     4
Armor: Robe              ||    25
Dodge: Dodged            ||    44

Table legend: (Time is in decaauts)
 A = Elapsed time spent in this place.
 B = Non-inter-level travel time spent in this place.
 C = Inter-level travel time spent in this place.
 D = Time resting spent in this place.
 E = Time spent auto-exploring this place.
 F = Levels seen in this place.
 G = Mean time per level.
                   A        B        C        D        E       F      G
               +--------+--------+--------+--------+--------+-----+--------+
         Total |   2339 |   2321 |     18 |     91 |   1817 |   2 | 1169.5 |
       Dungeon |   2339 |   2321 |     18 |     91 |   1817 |   2 | 1169.5 |
               +--------+--------+--------+--------+--------+-----+--------+

Top non-repeatable levels by time:
     D:1: 1472 daAuts
     D:2: 866 daAuts
